 Dungeon Sprint DCSS version 0.26-a0-662-g8b9c6dab81 (webtiles) character file.

Game seed: 18246095508527689738

432 olmar the Prestidigitator (level 6, -2/55 HPs)
             Began as a Deep Dwarf Artificer on Oct 9, 2020.
             Was an Initiate of Gozag.
             Slain by a spriggan
             ... wielding a +0 short sword
              (12 damage)
             ... in the Dungeon (Sprint IV: "Fedhas' Mad Dash").
             The game lasted 00:02:37 (523 turns).

olmar the Prestidigitator (Deep Dwarf Artificer)     Turns: 523, Time: 00:02:37

Health: -2/55      AC:  3    Str: 15    XL:     6   Next: 67%
Magic:  6/6        EV: 12    Int: 12    God:    Gozag
Gold:   67         SH:  0    Dex: 13    Spells: 5/5 levels left

rFire    . . .     SeeInvis .   f - +0 rapier
rCold    . . .     Faith    .   (no shield)
rNeg     . . .     Spirit   .   b - +0 leather armour
rPois    .         Reflect  .   (no helmet)
rElec    .         Harm     .   (no cloak)
rCorr    .         Rampage  .   (no gloves)
MR       .....     NoTele   +   (no boots)
Stlth    +++.......             j - amulet of invisibility {+Inv}
HPRegen  0.00/turn              (no ring)
MPRegen  0.10/turn              (no ring)

@: lethally poisoned (-2 -> -2), gold aura, very slightly contaminated,
non-regenerating
A: damage resistance, heal wounds, sense surroundings 1, weak 1, no regeneration
a: Heal Wounds, Potion Petition, Call Merchant, Bribe Branch, Renounce Religion,
Evoke Invisibility


You were in the Dungeon.
You worshipped Gozag.
Gozag was noncommittal.
You visited 1 branch You collected 177 gold pieces.
You spent 110 gold pieces at shops.

Inventory:

Hand Weapons
 a - a +0 club
 f - a +0 rapier (weapon)
Armour
 b - a +0 leather armour (worn)
 l - a +0 pair of boots
Jewellery
 j - the amulet of invisibility (around neck) {+Inv}
   (You found it in the Dungeon)

   [amulet of nothing]

   It lets you turn invisible.
Wands
 c - a wand of flame (11)
 d - a wand of enslavement (11)
 e - a wand of random effects (3)
Scrolls
 k - a scroll of blinking
 m - a scroll of enchant weapon {unknown}
Potions
 g - 2 potions of heal wounds
 h - a potion of haste
 i - 2 potions of magic


   Skills:
 + Level 2.6 Fighting
 + Level 4.3 Maces & Flails
 + Level 5.9 Armour
 + Level 2.3 Dodging
 + Level 7.2 Stealth
 + Level 13.9 Evocations


You had 5 spell levels left.
You didn't know any spells.
Your spell library was empty.

Dungeon Overview and Level Annotations

Branches:
Dungeon (1/1)

Altars:
Cheibriados
Dithmenos
Elyvilon
Gozag
Hepliaklqana
Kikubaaqudgha
Makhleb
Nemelex Xobeh
Okawaru
Qazlal
Ru
Sif Muna
Trog
Uskayaw
Vehumet
Wu Jian
Xom
Yredelemnul
Zin
The Shining One
Beogh
Jiyva
Lugonu

Shops:
D [!


Innate Abilities, Weirdness & Mutations

You are resistant to damage.
You can heal yourself by infusing magical energy.
You passively map a small area around you.
You do not regenerate.
You are weak. (Str -2)


Message History

Press: ? - help, Shift-Dir - straight line, f - you, p - spriggan That beam is likely to hit you.
Continue anyway?
Okay, then.
Evoke which item? (* to show all) (? for menu, Esc to quit)
Okay, then.
Evoke which item? (* to show all) (? for menu, Esc to quit)
Press: ? - help, Shift-Dir - straight line, f - spriggan
Aim: a spriggan, wielding a +0 short sword and wearing a +0 robe (moderately wounded, charmed, unaware, friendly) Really fire at your spriggan?
The bolt of poison misses your spriggan.
Unknown command.
Evoke which item? (* to show all) (? for menu, Esc to quit)
Press: ? - help, Shift-Dir - straight line, f/p - spriggan
Aim: a spriggan, wielding a +0 short sword and wearing a +0 robe (moderately wounded, charmed, friendly) Really fire at your spriggan?
The spriggan is no longer charmed.
The spriggan resists with significant effort.
The spriggan hits you with a +0 short sword!
You die...
Your body crumbles into a pile of gold.

##################### *
* _._._.⌠.#.[[...#....#
* ,
._._._..'..#...#.$.$+
_._._...#..###'##$$[#*∩
$$
._._._..#.(##∩∩.@i.$#
_._._.⌠.#############*
#########* ,$$ * , ,
**,+ , ,+ , , , , * ,*
,, $$ ,$ ** ** *** ** *
* * ,


You could see a spriggan.

Vanquished Creatures
  A scorpion (D)
  3 oklob saplings (D)
  A worker ant (D)
  A river rat (D)
  A rat (D)
7 creatures vanquished.

Vanquished Creatures (collateral kills)
  A burning bush (D)
  2 wandering mushrooms (D)
  A spriggan (D)
4 creatures vanquished.

Vanquished Creatures (others)
  A scorpion (D)
1 creature vanquished.

Grand Total: 12 creatures vanquished

Notes
Turn   | Place    | Note
-------+----------+-------------------------------------------
     0 | D        | olmar the Deep Dwarf Artificer began the quest for the Orb.
     0 | D        | Reached XP level 1. HP: 16/16 MP: 1/1
   112 | D        | Reached skill level 1 in Fighting
   112 | D        | Reached skill level 5 in Evocations
   112 | D        | Reached XP level 2. HP: 25/25 MP: 2/2
   124 | D        | Noticed an oklob sapling
   125 | D        | Killed an oklob sapling
   125 | D        | Reached skill level 1 in Maces & Flails
   125 | D        | Reached skill level 7 in Evocations
   125 | D        | Reached XP level 3. HP: 31/31 MP: 3/3
   134 | D        | Reached skill level 8 in Evocations
   137 | D        | Found the amulet of invisibility {+Inv}
   185 | D        | Found an opulent altar of Gozag.
   185 | D        | Found a hazy altar of Hepliaklqana.
   185 | D        | Found a roughly hewn altar of Beogh.
   185 | D        | Found a snail-covered altar of Cheibriados.
   186 | D        | Found a viscous altar of Jiyva.
   186 | D        | Found a burning altar of Makhleb.
   186 | D        | Found a sparkling altar of Nemelex Xobeh.
   186 | D        | Found a sacrificial altar of Ru.
   186 | D        | Found a shimmering blue altar of Sif Muna.
   186 | D        | Found a bloodstained altar of Trog.
   186 | D        | Found an ornate altar of the Wu Jian Council.
   186 | D        | Found a shimmering altar of Xom.
   186 | D        | Found a basalt altar of Yredelemnul.
   186 | D        | Noticed an oklob sapling priest
   187 | D        | Found an iron altar of Okawaru.
   187 | D        | Found a glowing silver altar of Zin.
   187 | D        | Found a shadowy altar of Dithmenos.
   188 | D        | Found a hide-covered altar of Uskayaw.
   188 | D        | Found an ancient bone altar of Kikubaaqudgha.
   189 | D        | Found a stormy altar of Qazlal.
   189 | D        | Found a glowing golden altar of the Shining One.
   189 | D        | Found a white marble altar of Elyvilon.
   190 | D        | Found a radiant altar of Vehumet.
   190 | D        | Found a corrupted altar of Lugonu.
   198 | D        | Killed an oklob sapling priest
   198 | D        | Reached skill level 9 in Evocations
   198 | D        | Reached XP level 4. HP: 37/38 MP: 2/4
   202 | D        | Became a worshipper of Gozag Ym Sagoz the Greedy
   243 | D        | Reached skill level 10 in Evocations
   243 | D        | Reached XP level 5. HP: 30/45 MP: 2/5
   300 | D        | Gained mutation: You are weak. (Str -2) [mutagenic glow]
   469 | D        | Reached skill level 5 in Stealth
   474 | D        | Reached skill level 5 in Armour
   474 | D        | Reached skill level 11 in Evocations
   487 | D        | Found Xighiott's Distillery.
   487 | D        | Found Ryach's Armour Emporium.
   492 | D        | Bought 2 potions of heal wounds for 110 gold pieces
   493 | D        | Noticed a burning bush
   493 | D        | Noticed a wandering mushroom
   495 | D        | Noticed a wandering mushroom
   507 | D        | Killed a burning bush
   507 | D        | Reached skill level 12 in Evocations
   507 | D        | Reached XP level 6. HP: 10/52 MP: 6/6
   518 | D        | Killed a wandering mushroom
   518 | D        | Reached skill level 13 in Evocations
   521 | D        | Killed a wandering mushroom
   523 | D        | Slain by a spriggan

Illustrated notes

Levels and vault maps discovered:
D:        dungeon_sprint_fedhas [sprint_temple]

Skill      XL: |  1  2  3  4  5  6 |
---------------+-------------------+-----
Fighting       | 1 2 |  2.6
Stealth        | 2 3 4 6 7 |  7.2
Evocations     | 5 7 9 10 12 13 | 13.9
Maces & Flails | 1 2 3 4 |  4.3
Armour         | 3 4 5 |  5.9
Dodging        | 2 |  2.3

Action                   |  1- 3 |  4- 6 || total
-------------------------+-------+-------++-------
Melee: Club              |    15 |     7 ||    22
       Rapier            |       |     1 ||     1
 Abil: Evoke Invisibilit |     1 |     3 ||     4
Evoke: Wand              |     6 |    14 ||    20
  Use: Potion            |     2 |     1 ||     3
 Stab: Paralysed         |     4 |       ||     4
       Invisible         |       |     1 ||     1
Armor: Leather armour    |     3 |       ||     3
Dodge: Dodged            |     3 |     6 ||     9

Table legend: (Time is in decaauts)
 A = Elapsed time spent in this place.
 B = Non-inter-level travel time spent in this place.
 C = Inter-level travel time spent in this place.
 D = Time resting spent in this place.
 E = Time spent auto-exploring this place.
 F = Levels seen in this place.
 G = Mean time per level.
                   A        B        C        D        E       F      G
               +--------+--------+--------+--------+--------+-----+--------+
         Total |    538 |    538 |      0 |    337 |      0 |   1 |  538.0 |
       Dungeon |    538 |    538 |      0 |    337 |      0 |   1 |  538.0 |
               +--------+--------+--------+--------+--------+-----+--------+

Top non-repeatable levels by time:
       D: 538 daAuts
